 Dungeon Crawl Stone Soup version 0.20-a0-1058-g0491fde (webtiles) character file.

72 alfred1011 the Sneak (level 4, -10/22 HPs)
             Began as a Spriggan Assassin on Apr 26, 2017.
             Was an Initiate of Dithmenos.
             Killed by nerve-wracking pain
             ... invoked by an orc priest
              (14 damage)
             ... on level 3 of the Dungeon.
             The game lasted 00:03:44 (1996 turns).

alfred1011 the Sneak (Spriggan Assassin)            Turns: 1996, Time: 00:03:45

Health: -10/22     AC:  3    Str:  7    XL:     4   Next: 6%
Magic:  5/5        EV: 19    Int: 12    God:    Dithmenos [......]
Gold:   65         SH:  0    Dex: 18    Spells: 3/3 levels left

rFire    . . .     SeeInvis +   a - +2 dagger
rCold    . . .     Gourm    .   (shield restricted)
rNeg     . . .     Faith    .   c - +0 robe
rPois    .         Spirit   .   (helmet restricted)
rElec    .         Reflect  .   d - +0 cloak
rCorr    .         Harm     .   (gloves unavailable)
MR       .....                  (boots unavailable)
Stlth    ++++......             (no amulet)
Regen    0.1/turn               (no ring)
MPRegen  0.1/turn               (no ring)

@: very quick
A: unfitting armour, see invisible, herbivore 3, speed 3, slow metabolism 2
a: Renounce Religion


You were on level 3 of the Dungeon.
You worshipped Dithmenos.
Dithmenos was noncommittal.
You were not hungry.

You visited 1 branch of the dungeon, and saw 3 of its levels.

You collected 65 gold pieces.

Inventory:

Hand Weapons
 a - a +2 dagger (weapon)
 b - a +0 blowgun
Missiles
 e - 8 poisoned needles
 f - 2 curare-tipped needles
Armour
 c - a +0 robe (worn)
 d - a +0 cloak (worn)
Scrolls
 h - 3 scrolls of recharging {unknown}
 i - a scroll of blinking {unknown}
 j - 3 scrolls of identify {unknown}
 k - a scroll of random uselessness {unknown}
 l - a scroll of magic mapping {unknown}
 n - a scroll of fear {unknown}
 o - a scroll of remove curse {unknown}
 p - a scroll of teleportation {unknown}
Potions
 m - a potion of resistance {unknown}
Comestibles
 g - 2 bread rations


   Skills:
 - Level 1.5 Fighting
 + Level 2.9 Short Blades
 - Level 2.0 Throwing
 + Level 3.6 Dodging
 + Level 7.1 Stealth


You had 3 spell levels left.
You didn't know any spells.

Dungeon Overview and Level Annotations

Branches:
Dungeon (3/15)

Altars:
Dithmenos
Elyvilon
Qazlal
Sif Muna
Trog
Xom


Innate Abilities, Weirdness & Mutations

You are very small and have problems with some larger weapons.
You are too small for most types of armour.
You have supernaturally acute eyesight. (SInv)
You are a herbivore.
You cover ground extremely quickly.
You need consume almost no food.


Message History

You kill the orc!
Dithmenos accepts your kill.
You hit the orc priest.
The orc priest is moderately wounded.
The orc priest completely misses you.
You hit the orc priest.
The orc priest is severely wounded.
The orc priest hits you with a flail.
You hit the orc priest.
The orc priest is almost dead.
You closely miss the orc priest.
The orc priest is almost dead.
The orc priest hits you with a flail.
* * * LOW HITPOINT WARNING * * *
You hit the orc priest.
The orc priest is almost dead.
The orc priest mumbles some strange prayers to Beogh against you.
Pain shoots through your body!
Ouch! That really hurt!
You die...

#. #.### >.
#...########## ...
#......o.o...
##..#.#o####...###
....#.#.####.o...b
#.....#....o......
#..o####...###
+..oo@.# .....
#...##.# .###
##......# ..
#...)...# .#
##......# .
#.##.#.# #. #.#.#
#. #.#.# #. #.#..


You could see an orc priest and 2 orcs.

Vanquished Creatures
  4 adders (D:2)
  A worm (D:2)
  A dart slug (D:2)
  A leopard gecko (D:1)
  An orc (D:3)
  7 bats
  A giant cockroach (D:1)
  2 goblins (D:1)
  5 hobgoblins
  3 frilled lizards
  3 kobolds
  3 rats (D:1)
32 creatures vanquished.

Notes
Turn   | Place    | Note
-------+----------+-------------------------------------------
     0 | D:1      | alfred1011 the Spriggan Assassin began the quest for the Orb.
     0 | D:1      | Reached XP level 1. HP: 10/10 MP: 2/2
    33 | D:1      | Reached skill level 6 in Stealth
   114 | D:1      | Reached XP level 2. HP: 13/14 MP: 3/3
   356 | D:1      | Found a shimmering altar of Xom.
   358 | D:1      | Found a shimmering altar of Xom.
   358 | D:1      | Found a bloodstained altar of Trog.
   360 | D:1      | Found a deep blue altar of Sif Muna.
   360 | D:1      | Found a white marble altar of Elyvilon.
   360 | D:1      | Found a stormy altar of Qazlal.
  1027 | D:2      | Reached XP level 3. HP: 18/18 MP: 4/4
  1487 | D:2      | Reached skill level 7 in Stealth
  1794 | D:2      | Reached XP level 4. HP: 18/22 MP: 5/5
  1831 | D:2      | Found a shadowy altar of Dithmenos.
  1840 | D:2      | Became a worshipper of Dithmenos the Shadowed
  1996 | D:3      | Killed from afar by an orc priest

Vault maps used:
D:1:      onia_arrival_pentagram, doesnt_xom_only_xom
D:2:      grunt_dithmenos_smoke
D:3:      first_bread, trog_hazing_becter

Skill      XL: |  1  2  3 |
---------------+----------+-----
Stealth        | 6 7 |  7.1
Dodging        | 2 3 |  3.6
Fighting       | |  1.5
Short Blades   | |  2.9
Throwing       | |  2.0

Action                   |  1- 3 |  4- 6 || total
-------------------------+-------+-------++-------
Melee: Dagger            |   101 |    15 ||   116
Throw: Throwing net      |     1 |       ||     1
 Stab: Sleeping          |     7 |       ||     7
Armor: Robe              |    17 |     1 ||    18
Dodge: Dodged            |    70 |     6 ||    76
